 Dungeon Crawl Stone Soup version 0.30.0-11-gf55b779eaf (webtiles) character file.

Game seed: 4839186706178929946

253 qdestroyer the Chopper (level 5, -1/47 HPs)
             Began as a Minotaur Fighter on May 17, 2023.
             Was an Initiate of the Shining One.
             Slain by an orc
             ... wielding a +0 trident of freezing
              (2 damage)
             ... on level 3 of the Dungeon.
             The game lasted 00:03:21 (1876 turns).

qdestroyer the Chopper (Minotaur Fighter)           Turns: 1876, Time: 00:03:22

Health: -1/47      AC:  9    Str: 23    XL:     5   Next: 90%
Magic:  4/4        EV:  8    Int:  5    God:    the Shining One [......]
Gold:   90         SH:  4    Dex:  9    Spells: 4/4 levels left

rFire   . . .        a - +1 war axe
rCold   . . .        c - +0 buckler
rNeg    + . .        i - +0 chain mail
rPois   .            (helmet restricted)
rElec   .            (no cloak)
rCorr   .            (no gloves)
SInv    .            (no boots)
Will    +....        (no amulet) Stlth
                     b - ring of positive energy
HPRegen 0.27/turn    m - ring of willpower
MPRegen 0.09/turn

%: no passive effects
@: glowing
A: horns 2, retaliatory headbutt
a: Renounce Religion


You were on level 3 of the Dungeon.
You worshipped the Shining One.
The Shining One was noncommittal.
You visited 1 branch of the dungeon, and saw 3 of its levels.

You collected 90 gold pieces.

Inventory:

Hand Weapons
 a - a +1 war axe (weapon)
Armour
 c - a +0 buckler (worn)
 i - a +0 chain mail (worn)
Jewellery
 b - a ring of positive energy (left hand)
 m - a ring of willpower (right hand)
Scrolls
 f - 3 scrolls of identify
 g - a scroll of fog {unknown}
 h - a scroll of enchant weapon
Potions
 d - 3 potions of might
 e - a potion of curing {unknown}
 j - a potion of brilliance {unknown}
 l - a potion of mutation


   Skills:
 + Level 4.8 Fighting
 + Level 5.4 Axes
 + Level 5.0 Armour
 + Level 4.2 Shields


You had 4 spell levels left.
You didn't know any spells.
Your spell library contained the following spells:

 Spells                   Type           Power      Damage    Failure   Level
 Summon Small Mammal      Summ           0%         N/A       98%         1
 Call Canine Familiar     Summ           0%         N/A       100%        3
 Summon Guardian Golem    Hex/Summ       0%         N/A       100%        3


Dungeon Overview and Level Annotations

Branches:
Dungeon (3/15)

Altars:
The Shining One


Innate Abilities, Weirdness & Mutations

You have a pair of horns on your head.
You reflexively headbutt those who attack you in melee.


Message History

The endoplasm hits you but does no damage.
The adder attacks as you move away! The adder closely misses you.
You furiously retaliate!
You headbutt the adder.
You kill the adder!
The orc priest casts a cantrip, but nothing happens.
Your Armour skill increases to level 5!
There is an open door here.
There is a glowing golden altar of the Shining One here.
You kneel at the altar of the Shining One.
The Shining One welcomes you! The endoplasm barely misses you.
You furiously retaliate!
You headbutt the endoplasm.
You kill the endoplasm!
You block the kobold's attack.
The orc priest mumbles some strange prayers to Beogh against you.
Beogh smites you!
There is an open door here.
You slice the kobold!!
You kill the kobold!
The orc priest mumbles some strange prayers to Beogh against you.
Beogh smites you!
You are too injured to fight recklessly!
You are too injured to fight recklessly!
You are too injured to fight recklessly!
The orc barely misses you.
The orc priest invokes the aid of Beogh against you.
Beogh smites you!
* * * LOW HITPOINT WARNING * * *
Things that are here:
a +0 whip; 2 stones; a kobold corpse You slash the orc!
You kill the orc!
The orc hits you from afar with a +0 trident of freezing.
* * * LOW HITPOINT WARNING * * *
The orc freezes you.
* * * LOW HITPOINT WARNING * * *
The orc hits you with a +0 trident of freezing.
* * * LOW HITPOINT WARNING * * *
The orc freezes you.
You die...

........##### ##........
........#...######^......
.....................#...
........#..............#.
........#...####.........
....)...#...## ###.###..#
####.........# #.# #..#
......)oo....# ###.###..(
.....###@###.# #.........
... #)# #.# #..####### .
#'###.###..# +_###...#..#
#+###.#....# #.###..# #.#
#..# ..# #..# ### #..#


You could see an orc priest and an orc.

Vanquished Creatures
  An ogre (D:3)
  An orc priest (D:3)
  5 adders
  2 dart slugs (D:3)
  4 orcs (D:3)
  9 ball pythons
  9 endoplasms
  A giant cockroach (D:1)
  7 goblins
  4 hobgoblins
  10 jackals
  9 kobolds
  A quokka (D:3)
  5 bats
  5 frilled lizards
  2 rats (D:3)
75 creatures vanquished.

Notes
Turn   | Place    | Note
-------+----------+-------------------------------------------
     0 | D:1      | qdestroyer the Minotaur Fighter began the quest for the
                  | Orb.
     0 | D:1      | Reached XP level 1. HP: 19/19 MP: 0/0
    15 | D:1      | Reached XP level 2. HP: 6/27 MP: 1/1
   409 | D:1      | Reached XP level 3. HP: 33/33 MP: 2/2
   779 | D:2      | Reached XP level 4. HP: 29/41 MP: 3/3
  1197 | D:3      | Noticed an ogre
  1215 | D:3      | Killed an ogre
  1216 | D:3      | Reached XP level 5. HP: 10/47 MP: 4/4
  1482 | D:3      | Reached skill level 5 in Axes
  1851 | D:3      | Found a glowing golden altar of the Shining One.
  1868 | D:3      | Reached skill level 5 in Armour
  1871 | D:3      | Became a worshipper of the Shining One
  1876 | D:3      | HP: 1/47 [orc/+0 trident of freezing (3)]
  1876 | D:3      | Slain by an orc

Illustrated notes

Levels and vault maps discovered:
D:1:      wander_arrival_fairy_ring, layout_rooms
D:2:      layout_basic, roderic_roman_lattice, serial_bayou_pond_b,
          mrwooster_statue_mirror
D:3:      layout_rooms, lemuel_doored_altar, gammafunk_temple_overflow_statue,
          minmay_quadrilaterals, uniq_crazy_yiuf_cottage

Skill      XL: |  1  2  3  4  5 |
---------------+----------------+-----
Fighting       | 4 |  4.8
Armour         | 4 5 |  5.0
Axes           | 3 4 5 |  5.4
Shields        | 4 |  4.2

Action                     |  1- 3 |  4- 6 || total
---------------------------+-------+-------++-------
  Melee: War axe           |    89 |    55 ||   144
         Headbutt          |     8 |     6 ||    14
    Use: Scroll            |       |     7 ||     7
 Armour: Scale mail        |    36 |       ||    36
         Chain mail        |    21 |    22 ||    43
  Dodge: Dodged            |    54 |    23 ||    77
  Block: Buckler           |    20 |     9 ||    29
